 Dungeon Crawl Stone Soup version 0.27-a0-1595-g0b823d0a13 (webtiles) character file.

Game seed: 699893781967415048

8701 quinnr the Zephyrmancer (level 11, -6/63 HPs)
             Began as a Tengu Air Elementalist on July 20, 2021.
             Was a Believer of Dithmenos.
             Mangled by Snorg (10 damage)
             ... on level 10 of the Dungeon.
             The game lasted 00:27:25 (12552 turns).

quinnr the Zephyrmancer (Tengu Air Elementalist)   Turns: 12552, Time: 00:27:26

Health: -6/63      AC:  8    Str:  9    XL:     11   Next: 35%
Magic:  0/19       EV: 17    Int: 18    God:    Dithmenos [**....]
Gold:   289        SH:  5    Dex: 15    Spells: 15/20 levels left

rFire    . . .     SeeInvis .   d - +3 dagger (distort)
rCold    . . .     Faith    +   t - +0 buckler
rNeg     . . .     Spirit   .   a - +0 robe
rPois    +         Reflect  .   (helmet restricted)
rElec    .         Harm     .   (no cloak)
rCorr    .         Rampage  .   j - +1 pair of gloves
Will     .....                  (boots unavailable)
Stlth    ++++......             z - amulet of faith
HPRegen  0.20/turn              l - +4 ring of protection
MPRegen  0.16/turn              w - ring of poison resistance

@: flying quickly and evasively, wreathed by umbra, quick
A: beak, talons 3, nimble flight
a: Renounce Religion, Shadow Step


You were on level 10 of the Dungeon.
You worshipped Dithmenos.
Dithmenos was pleased with you.
You visited 2 branches of the dungeon, and saw 11 of its levels.

You collected 398 gold pieces.
You spent 109 gold pieces at shops.

Inventory:

Hand Weapons
 d - a +3 dagger of distortion (weapon)
Missiles
 c - 28 boomerangs
 h - 7 atropa-tipped darts
 u - 8 curare-tipped darts
 x - 16 poisoned darts
Armour
 a - a +0 robe (worn)
 j - a +1 pair of gloves (worn)
 t - a +0 buckler (worn)
Magical Staves
 o - a staff of earth
Jewellery
 l - a +4 ring of protection (left hand)
 w - a ring of poison resistance (right hand)
 z - an amulet of faith (around neck)
Wands
 f - a wand of mindburst (25)
 y - a wand of flame (26)
Scrolls
 g - a scroll of fear
 n - 2 scrolls of amnesia
 r - 2 scrolls of magic mapping
 v - 4 scrolls of teleportation {unknown}
 A - a scroll of blinking {unknown}
Potions
 b - 5 potions of curing
 e - 3 potions of attraction
 i - 4 potions of lignification
 k - a potion of invisibility
 m - a potion of cancellation
 p - a potion of haste {unknown}
 q - a potion of magic
 s - a potion of ambrosia


   Skills:
 - Level 5.0 Fighting
 - Level 5.0 Short Blades
 - Level 6.0 Dodging
 - Level 6.0 Stealth
 - Level 4.0 Shields
 - Level 5.0 Spellcasting
 - Level 3.0 Conjurations
 + Level 13.5 Air Magic
 - Level 5.0 Invocations
 + Level 3.5 Evocations


You had 15 spell levels left.
You knew the following spells:

 Your Spells              Type           Power      Damage    Failure   Level
a - Shock                 Conj/Air       100%       1d9       1%          1
b - Airstrike             Air            26%        N/A       1%          4

Your spell library contained the following spells:

 Spells                   Type           Power      Damage    Failure   Level
 Static Discharge         Conj/Air       34%        N/A       1%          2
 Swiftness                Air            52%        N/A       1%          3
 Magic Dart               Conj           60%        1d6       3%          1
 Searing Ray              Conj           30%        3d4       6%          2
 Apportation              Tloc           8%         N/A       13%         1
 Fulminant Prism          Conj/Hex       4%         3d6       56%         4
 Alistair's Intoxication  Tmut/Pois      2%         N/A       98%         5
 Invisibility             Hex            2%         N/A       100%        6


Dungeon Overview and Level Annotations

Branches:
Dungeon (10/15)            Temple (1/1) D:6             Orc (0/2) D:9
   Lair: D:8-11

Altars:
Ashenzari
Cheibriados
Dithmenos
Elyvilon
Fedhas
Gozag
Hepliaklqana
Kikubaaqudgha
Makhleb
Nemelex Xobeh
Okawaru
Qazlal
Ru
Sif Muna
Trog
Uskayaw
Vehumet
Wu Jian
Xom
Yredelemnul
Zin
The Shining One

Shops:
D:2 !   D:5 ?   D:10 *

Annotations:
D:7 3 runed translucent doors
D:8 exclusion: tengu warrior
D:10 Snorg


Innate Abilities, Weirdness & Mutations

You have a beak for a mouth.
You have claws for feet.
Your magical nature lets you fly swiftly and evasively.


Message History

Aiming: Airstrike (dangerous; 1% risk of failure)
Press: ? - help, Dir - move target, f/p - Snorg
Aim: Snorg (severely wounded, berserk, umbra)
The air twists around and strikes Snorg!
Snorg is severely wounded.
Snorg misses you. Snorg claws you! Snorg completely misses you.
Unknown command.
Unknown command.
Okay, then.
Unknown command.
Okay, then.
Okay, then.
Unknown command.
Unknown command.
You can't see any enemies this would affect, really read the scroll of fear?
Okay, then.
Okay, then.
You feel better. Snorg bites you! Snorg claws you.
* * * LOW HITPOINT WARNING * * *
Snorg claws you!
* * * LOW HITPOINT WARNING * * *
Snorg misses you. Snorg barely misses you. Snorg misses you.
Unknown command.
Okay, then.
Okay, then.
Okay, then.
Okay, then.
Aiming: Mindburst
Press: ? - help, Shift-Dir - straight line, f/p - Snorg
Aim: Snorg (severely wounded, berserk, umbra, chance to affect: 47%) Snorg's mind is blasted!!
Snorg barely misses you. You block Snorg's attack. Snorg misses you.
Unknown command.
Aiming: Mindburst
Press: ? - help, Shift-Dir - straight line, f/p - Snorg
Aim: Snorg (almost dead, berserk, umbra, chance to affect: 47%) Snorg resists with some effort.
Snorg closely misses you. Snorg claws you.
* * * LOW HITPOINT WARNING * * *
Snorg misses you. Snorg completely misses you. Snorg claws you!
You die...

########..# #
...........######################
.................................
†..##############################
... # ... # ... #
...##################### ########
...............T@....... ........
#############...######## #######.
#...# #. #...# #. #...# #.
########...###### #####.
................#######.....
................#.....#.....
.............<..#.♣.♣.#.....


You could see Snorg (berserk).

Vanquished Creatures
  A hydra (D:8)
  A hornet (D:9)
  A dream sheep (D:8)
  5 yaks (D:10)
  2 wyverns (D:7)
  A steam dragon (D:8)
  An acid dragon (D:10)
  4 water moccasins
  A hornet zombie (D:7)
  7 orc warriors
  2 sky beasts
  2 black bears
  An ice beast (D:7)
  2 ogres
  5 necrophages
  5 centaurs
  4 kobold brigands
  5 bullfrogs
  5 scorpions
  A water moccasin skeleton (D:5)
  5 killer bees (D:9)
  13 wights
  A howler monkey (D:6)
  A human zombie (D:4)
  5 orc priests
  4 centaur zombies
  2 jellies
  A centaur skeleton (D:6)
  9 orc wizards
  A scorpion zombie (D:4)
  A hound zombie (D:4)
  A hound skeleton (D:5)
  A mummy (D:4)
  A howler monkey zombie (D:4)
  2 white imps
  2 worms
  2 dart slugs
  39 orcs
  4 bats
  8 endoplasms
  5 giant cockroaches
  2 hobgoblins
  5 jackals (D:1)
  4 quokkas
  14 ball pythons
  2 frilled lizards
  7 goblins
  19 kobolds
  7 rats
224 creatures vanquished.

Vanquished Creatures (others)
  16 fungi (D:10)
  20 plants (D:10)
36 creatures vanquished.

Grand Total: 260 creatures vanquished

Notes
Turn   | Place    | Note
-------+----------+-------------------------------------------
     0 | D:1      | quinnr the Tengu Air Elementalist began the quest for the
                  | Orb.
     0 | D:1      | Reached XP level 1. HP: 10/10 MP: 4/4
   250 | D:1      | Reached XP level 2. HP: 15/15 MP: 4/6
   443 | D:1      | Reached skill level 5 in Air Magic
  1120 | D:1      | Reached XP level 3. HP: 16/19 MP: 3/7
  1495 | D:2      | Reached skill level 1 in Short Blades
  1578 | D:2      | Found Nuifau Xesh's Distillery.
  1586 | D:2      | Bought a potion of degeneration for 14 gold pieces
  1878 | D:2      | Reached skill level 6 in Air Magic
  1938 | D:2      | Reached XP level 4. HP: 24/24 MP: 4/8
  2001 | D:2      | Found a shimmering blue altar of Sif Muna.
  2759 | D:4      | Learned a level 4 spell: Airstrike
  2895 | D:4      | Noticed a scorpion
  2903 | D:4      | Killed a scorpion
  2904 | D:4      | Reached skill level 7 in Air Magic
  2904 | D:4      | Gained mutation: Your magical nature lets you fly swiftly
                  | and evasively. [Tengu growth]
  2904 | D:4      | Reached XP level 5. HP: 28/28 MP: 5/9
  3398 | D:4      | Found a sparkling altar of Nemelex Xobeh.
  3419 | D:4      | Noticed a black bear
  3421 | D:4      | Killed a black bear
  3422 | D:4      | Reached skill level 1 in Fighting
  3422 | D:4      | Reached XP level 6. HP: 34/34 MP: 1/10
  3788 | D:4      | Found an ancient bone altar of Kikubaaqudgha.
  3836 | D:4      | Noticed a necrophage
  3844 | D:4      | Killed a necrophage
  3905 | D:4      | Reached XP level 7. HP: 19/40 MP: 5/11
  4190 | D:4      | Reached skill level 8 in Air Magic
  4531 | D:4      | Found a glowing silver altar of Zin.
  4775 | D:5      | Entered Level 5 of the Dungeon
  4820 | D:5      | Reached skill level 9 in Air Magic
  4820 | D:5      | Reached XP level 8. HP: 46/46 MP: 8/12
  4858 | D:5      | Found a hide-covered altar of Uskayaw.
  4995 | D:5      | Found Muhod's Magic Scroll Emporium.
  5029 | D:5      | Bought a scroll of magic mapping for 35 gold pieces
  5038 | D:5      | Noticed a +0 hand axe
  5040 | D:5      | Noticed a +0 dagger
  5100 | D:5      | Reached skill level 10 in Air Magic
  5320 | D:5      | Found an ornate altar of the Wu Jian Council.
  5699 | D:6      | Reached skill level 1 in Shields
  6043 | D:6      | Found a staircase to the Ecumenical Temple.
  6075 | Temple   | Entered the Ecumenical Temple
  6348 | Temple   | Became a worshipper of Dithmenos the Shadowed
  6469 | D:6      | Reached XP level 9. HP: 50/50 MP: 3/15
  7006 | D:7      | Reached skill level 5 in Spellcasting
  7153 | D:7      | Reached skill level 1 in Invocations
  7261 | D:7      | Found a blossoming altar of Fedhas.
  7711 | D:7      | Reached skill level 5 in Dodging
  7948 | D:7      | Reached * piety under Dithmenos
  8090 | D:7      | Reached skill level 11 in Air Magic
  8334 | D:7      | Reached XP level 10. HP: 48/58 MP: 8/18
  8547 | D:7      | Found a runed translucent door.
  8547 | D:7      | Found a runed translucent door.
  8547 | D:7      | Found a runed translucent door.
  8547 | D:7      | Noticed a manticore
  8547 | D:7      | Noticed a two-headed ogre
  9235 | D:8      | Reached skill level 5 in Fighting
  9357 | D:8      | Noticed a three-headed hydra
  9367 | D:8      | Killed a three-headed hydra
  9368 | D:8      | Reached skill level 5 in Stealth
  9368 | D:8      | Reached skill level 12 in Air Magic
  9514 | D:8      | Identified the +1 halberd of the Chopping Scavenger {holy,
                  | *Noise rPois Will+++ Stlth+}
 10229 | D:8      | Noticed a tengu warrior
 10461 | D:9      | Reached skill level 5 in Invocations
 10882 | D:9      | Reached ** piety under Dithmenos
 11035 | D:9      | Reached skill level 1 in Evocations
 11035 | D:9      | Reached XP level 11. HP: 47/63 MP: 14/19
 11341 | D:9      | Reached skill level 13 in Air Magic
 11896 | D:9      | Found a staircase to the Orcish Mines.
 11974 | D:10     | Entered Level 10 of the Dungeon
 12066 | D:10     | Noticed a cyclops
 12067 | D:10     | Noticed a two-headed ogre
 12070 | D:10     | Noticed a moth of wrath
 12274 | D:10     | Found Uddocuhy's Assorted Antiques.
 12279 | D:10     | Bought a scroll labelled UGOUCH TICEMP for 30 gold pieces
 12279 | D:10     | Bought a scroll labelled ZAOCRA TOACKA for 30 gold pieces
 12321 | D:10     | Reached skill level 5 in Short Blades
 12528 | D:10     | Noticed Snorg
 12550 | D:10     | HP: 6/63 [Snorg (10)]
 12552 | D:10     | Mangled by Snorg

Illustrated notes

Levels and vault maps discovered:
D:1:      erik_arrival_triangle_medium, layout_basic, minmay_liquid_box
D:2:      layout_rooms, serial_shops, nicolae_shop_trees, basic_altar,
          minmay_indecisive_spiral
D:3:      layout_basic
D:4:      layout_loops_cross, marbit_many_paths,
          mainiacjoe_overflow_six_doors_small,
          lemuel_mausoleum_altar_kikubaaqudgha, st_stairs_1,
          lightli_corner_chamber
D:5:      layout_rooms, dancing_weapons_uskayaw, nicolae_wu_jian_glorious_leap,
          serial_shops, shop
D:6:      layout_basic, minmay_temple_entry_junction
D:7:      minmay_the_grid_triangle_9x9_rhombus_full
          [minmay_the_grid_triangle_9x9_sparse_checkered,
          minmay_the_grid_triangle_9x9_empty,
          minmay_the_grid_triangle_9x9_steps,
          minmay_the_grid_triangle_9x9_fully_insulated_deathbox,
          minmay_the_grid_triangle_9x9_longest,
          minmay_the_grid_triangle_9x9_dagger,
          minmay_the_grid_triangle_9x9_subtriangle,
          minmay_the_grid_triangle_9x9_prize_insulated], layout_basic,
          mainiacjoe_overflow_small_starburst, minmay_misc_feat_secret_circle
D:8:      cheibrodos_two_vegetables, layout_basic, hangedman_decor_slide_cut,
          hangedman_ranch
D:9:      layout_irregular_city, erik_orc_2
D:10:     layout_long_grid, grunt_lair_entry_orc_guard_hut,
          gammafunk_ghost_wrathful_warriors, special_room [special_room_bee],
          serial_shops, kennysheep_little_box, st_stairs_12,
          hangedman_incinerator, uniq_snorg
Temple:   eino_temple_rhombus

Skill      XL: |  1  2  3  4  5  6  7  8  9 10 11 |
---------------+----------------------------------+-----
Air Magic      | 5 6 7 9 10 11 12 13 | 13.5
Short Blades   | 1 2 3 5 |  5.0
Fighting       | 1 2 3 4 5 |  5.0
Dodging        | 3 4 5 6 |  6.0
Stealth        | 3 4 6 |  6.0
Shields        | 3 4 |  4.0
Spellcasting   | 3 5 |  5.0
Conjurations   | 3 |  3.0
Invocations    | 2 5 |  5.0
Evocations     | 1 3 |  3.5

Action                   |  1- 3 |  4- 6 |  7- 9 | 10-12 || total
-------------------------+-------+-------+-------+-------++-------
Melee: Dagger            |     6 |    28 |    72 |   111 ||   217
       Kick              |     3 |     5 |    14 |    22 ||    44
       Peck              |       |     5 |    12 |    14 ||    31
 Cast: Shock             |    88 |    68 |   161 |   185 ||   502
       Airstrike         |       |     4 |    24 |    41 ||    69
Evoke: Wand              |       |       |       |     5 ||     5
  Use: Scroll            |       |     6 |     7 |       ||    13
       Potion            |       |       |       |     1 ||     1
 Stab: Sleeping          |       |       |     3 |     2 ||     5
Armor: Robe              |     1 |     2 |    12 |    24 ||    39
Dodge: Dodged            |     7 |    19 |    45 |   102 ||   173
Block: Buckler           |       |       |     5 |    25 ||    30

Table legend: (Time is in decaauts)
 A = Elapsed time spent in this place.
 B = Non-inter-level travel time spent in this place.
 C = Inter-level travel time spent in this place.
 D = Time resting spent in this place.
 E = Time spent auto-exploring this place.
 F = Levels seen in this place.
 G = Mean time per level.
                   A        B        C        D        E       F      G
               +--------+--------+--------+--------+--------+-----+--------+
         Total |  12111 |  11711 |    400 |   1709 |   8593 |  11 | 1101.0 |
       Dungeon |  11841 |  11459 |    382 |   1709 |   8343 |  10 | 1184.1 |
        Temple |    270 |    252 |     18 |      0 |    250 |   1 |  270.0 |
               +--------+--------+--------+--------+--------+-----+--------+

Top non-repeatable levels by time:
     D:4: 1828 daAuts
     D:7: 1761 daAuts
     D:9: 1624 daAuts
     D:8: 1457 daAuts
     D:1: 1394 daAuts
     D:6: 1065 daAuts
     D:2: 741 daAuts
     D:3: 741 daAuts
     D:5: 731 daAuts
    D:10: 496 daAuts
  Temple: 270 daAuts
